 Dungeon Crawl Stone Soup version 0.24.0-13-gcf9b319 (webtiles) character file.

Game seed: 15614202170091226468, levelgen mode: deterministic

1822 A7mans1 the Slicer (level 9, -1/61 HPs)
             Began as a Human Fighter on Dec 28, 2019.
             Was a Follower of Hepliaklqana.
             Slain by a vampire (10 damage)
             ... on level 6 of the Dungeon on Dec 29, 2019.
             The game lasted 00:26:53 (4820 turns).

A7mans1 the Slicer (Human Fighter)                  Turns: 4820, Time: 00:26:53

Health: -1/61      AC: 13    Str: 20    XL:     9   Next: 32%
Magic:  9/9        EV:  9    Int:  9    God:    Hepliaklqana [*.....]
Gold:   316        SH: 10    Dex: 12    Spells: 8/8 levels left

rFire    + . .     SeeInvis .   o - +2 short sword (protect)
rCold    . . .     Gourm    .   c - +0 shield
rNeg     + . .     Faith    .   j - +1 scale mail {rN+}
rPois    .         Spirit   .   (no helmet)
rElec    .         Reflect  .   m - +2 cloak
rCorr    .         Harm     .   (no gloves)
MR       .....                  u - +0 pair of boots
Stlth    ..........             (no amulet)
HPRegen  0.20/turn              n - ring of protection from fire
MPRegen  0.11/turn              (no ring)

@: about to teleport
A: reduced essence
a: Recall Ancestor, Ancestor Identity, Renounce Religion


You were on level 6 of the Dungeon.
You worshipped Hepliaklqana.
Hepliaklqana was aware of your devotion.
You were very hungry.

You visited 2 branches of the dungeon, and saw 7 of its levels.

You collected 316 gold pieces.

Inventory:

Hand Weapons
 a - a +0 rapier
 d - a +4 quarterstaff of chaos
 k - a +2 dagger of holy wrath
 o - a +2 short sword of protection (weapon)
Armour
 c - a +0 shield (worn)
 j - a +1 scale mail of positive energy (worn)
 m - a +2 cloak (worn)
 p - a scarf of repulsion
 u - a +0 pair of boots (worn)
Jewellery
 h - an uncursed amulet of harm
 n - a ring of protection from fire (left hand)
Scrolls
 b - a scroll of remove curse
 e - a scroll of enchant armour
 i - 2 scrolls of fog
 q - a scroll of amnesia
 s - a scroll of identify
Comestibles
 f - 7 rations


   Skills:
 + Level 5.0 Fighting
 * Level 8.0 Short Blades
 + Level 5.5 Armour
 + Level 2.9 Dodging
 + Level 0.8 Stealth
 + Level 5.4 Shields


You had 8 spell levels left.
You didn't know any spells.
Your spell library was empty.

Dungeon Overview and Level Annotations

Branches:
Dungeon (6/15)             Temple (1/1) D:4

Altars:
Ashenzari
Cheibriados
Dithmenos
Elyvilon
Fedhas
Gozag
Hepliaklqana
Kikubaaqudgha
Makhleb
Nemelex Xobeh
Okawaru
Qazlal
Ru
Sif Muna
Trog
Uskayaw
Vehumet
Wu Jian
Xom
Yredelemnul
Zin
The Shining One


Message History

Kheti hits something but does no damage.
Things that are here:
a +3 falchion of freezing; a +0 robe Something hits you!
* * * LOW HITPOINT WARNING * * *
Something bites you.
* * * LOW HITPOINT WARNING * * *
Kheti closely misses something.
Something hits you.
* * * LOW HITPOINT WARNING * * *
Something bites you but does no damage. Something hits you but does no damage.
Something bites you but does no damage.
Kheti hits something but does no damage.
There is a transporter here.
You enter the transporter and appear at another place.
You block something's attack. Something bites you but does no damage.
As you read the scroll of teleportation, it crumbles to dust.
You feel strangely unstable. Something hits you but does no damage.
Something bites you!
You die...

################................
#...............................
#.#############.................
#.#...........#.................
#.#...........#.......).........
#.#..###.###..#.................
##.#..#8#.#8#..#.................
#..#..........?#.................
..©#.....©....!#@................
...#..........$#............R....
.#.#..#8#.#8#).#.................
.#.#..###.###..#.................
.#.#..R........#.................
.#.#©..........#...........).....
#.#############..........)......
#.....................###...####
########............#####...#


There were no monsters in sight!

Vanquished Creatures
  Grinder (D:3)
  Duvessa (D:6)
  An orc warrior (D:6)
  A centaur (D:5)
  2 bullfrogs
  2 wights (D:6)
  A spectral centaur (D:6)
  2 hounds
  Crazy Yiuf (D:2)
  An orc wizard (D:4)
  A worker ant (D:5)
  An adder (D:3)
  3 gnolls (D:4)
  A shadow imp (D:5)
  An adder skeleton (D:5)
  3 worms
  4 dart slugs
  2 leopard geckos
  14 orcs
  3 giant cockroaches
  6 goblins
  3 hobgoblins
  6 jackals
  3 quokkas
  A bat (D:3)
  4 frilled lizards
  7 kobolds
  6 rats
  A fungus (D:2)
83 creatures vanquished.

Vanquished Creatures (collateral kills)
  The ghost of Vulpanium the Archer, a novice GnHu of Dithmenos (D:6)
  A bullfrog (D:6)
  Dowan (D:6)
  A water moccasin skeleton (D:6)
  2 crimson imps (D:5)
  A hound (D:5)
  An orc priest (D:4)
  A jelly (D:5)
  An orc wizard (D:4)
  A spectral howler monkey (D:6)
  An adder (D:4)
  A worm (D:4)
  4 orcs
  A leopard gecko skeleton (D:4)
18 creatures vanquished.

Vanquished Creatures (others)
  An ogre (D:5)
  8 ancestors
  5 toadstools (D:1)
14 creatures vanquished.

Grand Total: 115 creatures vanquished

Notes
Turn   | Place    | Note
-------+----------+-------------------------------------------
     0 | D:1      | A7mans1 the Human Fighter began the quest for the Orb.
     0 | D:1      | Reached XP level 1. HP: 18/18 MP: 1/1
    85 | D:1      | Reached XP level 2. HP: 13/24 MP: 2/2
   271 | D:1      | Reached XP level 3. HP: 22/29 MP: 3/3
   668 | D:2      | Found a runed translucent door.
   669 | D:2      | Noticed Crazy Yiuf
   679 | D:2      | Killed Crazy Yiuf
   679 | D:2      | Reached XP level 4. HP: 9/35 MP: 1/4
  1467 | D:3      | You fall into a shaft and drop 1 floor!
  1537 | D:3      | Reached skill level 3 in Short Blades
  1537 | D:3      | Reached XP level 5. HP: 41/41 MP: 5/5
  1595 | D:3      | Noticed Grinder
  1656 | D:3      | Killed Grinder
  1656 | D:3      | Reached skill level 4 in Short Blades
  1656 | D:3      | Reached XP level 6. HP: 36/48 MP: 6/6
  1991 | D:4      | Reached skill level 1 in Dodging
  2010 | D:4      | Found a staircase to the Ecumenical Temple.
  2015 | Temple   | Entered the Ecumenical Temple
  2175 | Temple   | Became a worshipper of Hepliaklqana the Forgotten
  2282 | D:4      | Reached XP level 7. HP: 47/47 MP: 7/7
  2317 | D:4      | HP: 2/47 [orc/+0 war axe (7)]
  2318 | D:4      | Reached skill level 5 in Short Blades
  2510 | D:4      | Found a blossoming altar of Fedhas.
  2584 | D:5      | Entered Level 5 of the Dungeon
  2865 | D:5      | Reached XP level 8. HP: 51/54 MP: 8/8
  3001 | D:5      | Reached skill level 6 in Short Blades
  3196 | D:5      | Reached * piety under Hepliaklqana
  3438 | D:6      | Noticed Dowan
  3439 | D:6      | Noticed Duvessa
  3678 | D:6      | Killed Duvessa
  3684 | D:6      | Killed Dowan
  3888 | D:6      | Found a white marble altar of Elyvilon.
  4058 | D:6      | Reached skill level 7 in Short Blades
  4161 | D:6      | Noticed a vampire
  4177 | D:6      | Found a transporter.
  4183 | D:6      | Found a transporter.
  4184 | D:6      | Noticed Vulpanium's ghost (novice GnHu)
  4307 | D:6      | Reached skill level 5 in Shields
  4623 | D:6      | Reached skill level 5 in Armour
  4739 | D:6      | Killed Vulpanium's ghost
  4739 | D:6      | Reached skill level 8 in Short Blades
  4739 | D:6      | Reached XP level 9. HP: 27/60 MP: 9/9
  4796 | D:6      | Reached skill level 5 in Fighting
  4820 | D:6      | Slain by a vampire

Levels and vault maps discovered:
D:1:      ldierk_walled_garden, layout_basic
D:2:      layout_loops_ring, uniq_crazy_yiuf_cottage
D:3:      layout_rooms, uniq_grinder
D:4:      layout_rooms, temple_doors_e, first_ration, fedhas_ov_isle_minmay
D:5:      layout_basic
D:6:      layout_basic, old_standard_altar, gammafunk_ghost_mausoleum,
          serial_park_tiny_pond, uniq_duvessa
Temple:   compressed_dpeg_circular_temple

Skill      XL: |  1  2  3  4  5  6  7  8  9 |
---------------+----------------------------+-----
Short Blades   | 3 4 5 8 |  8.0
Shields        | 4 5 |  5.4
Dodging        | 1 2 |  2.9
Armour         | 4 5 |  5.5
Fighting       | 4 5 |  5.0
Stealth        | |  0.8

Action                   |  1- 3 |  4- 6 |  7- 9 || total
-------------------------+-------+-------+-------++-------
Melee: Rapier            |   111 |   176 |    22 ||   309
       Short sword       |       |       |   279 ||   279
Invok: Ancestor Identity |       |       |     1 ||     1
  Use: Potion            |     1 |     8 |     4 ||    13
       Scroll            |       |     9 |    12 ||    21
  Eat: Chunk             |       |     2 |       ||     2
       Ration            |       |     1 |     2 ||     3
Armor: Scale mail        |    31 |    57 |   125 ||   213
Dodge: Dodged            |    20 |    37 |    75 ||   132
Block: Shield            |    48 |    50 |   115 ||   213
